 Dungeon Crawl Stone Soup version 0.30-a0-802-gb92711bcdf (webtiles) character file.

Game seed: 9516667789976861608

2208 retardedninja the Shield-Bearer (level 9, -7/59 (74) HPs)
             Began as a Gnoll Fighter on Feb 24, 2023.
             Was an Initiate of Gozag.
             Mangled by a wight
             ... wielding a +3 long sword
              (12 damage)
             ... on level 7 of the Dungeon.
             The game lasted 00:10:02 (6404 turns).

retardedninja the Shield-Bearer (Gnoll Fighter)     Turns: 6404, Time: 00:10:03

HP:   -7/59 (74)    AC: 11    Str: 21    XL:     9   Next: 34%
MP:   15/15         EV: 11    Int:  7    God:    Gozag
Gold: 920           SH:  5    Dex: 11    Spells: 16/16 levels left

rFire   . . .      SeeInvis .    a - +0 flail
rCold   + . .      Faith    .    c - +0 buckler
rNeg    . . .      Spirit   .    u - +2 scale mail {rC+}
rPois   .          Reflect  .    (no helmet)
rElec   .          Harm     .    (no cloak)
rCorr   .          Rampage  .    e - +0 pair of gloves
Will    .....                    (no boots)
Stlth   +                        (no amulet)
HPRegen 0.29/turn                (no ring)
MPRegen 0.14/turn                (no ring)

@: heavily drained
A: fangs 1, strong nose, distributed training
a: Renounce Religion, Potion Petition, Call Merchant, Bribe Branch


You were on level 7 of the Dungeon.
You worshipped Gozag.
Gozag was pleased with you.
You visited 1 branch of the dungeon, and saw 7 of its levels.

You collected 945 gold pieces.
You paid 25 gold pieces to Gozag.

Inventory:

Hand Weapons
 a - a +0 flail (weapon)
Armour
 c - a +0 buckler (worn)
 e - a +0 pair of gloves (worn)
 t - a +0 chain mail
 u - a +2 scale mail of cold resistance (worn)
Jewellery
 v - a ring of fire
Wands
 p - a wand of roots (10)
Scrolls
 f - 6 scrolls of identify
 g - a scroll of poison
 i - 2 scrolls of immolation
 k - a scroll of vulnerability {unknown}
 l - a scroll of enchant weapon {unknown}
 n - 2 scrolls of amnesia {unknown}
 q - 2 scrolls of blinking {unknown}
 r - 3 scrolls of fear {unknown}
 s - 4 scrolls of magic mapping {unknown}
 x - 2 scrolls of teleportation {unknown}
 y - a scroll of brand weapon {unknown}
Potions
 b - 2 potions of flight {unknown}
 d - 3 potions of cancellation {unknown}
 h - 2 potions of attraction
 j - 2 potions of mutation
 m - a potion of magic
 o - a potion of lignification
 w - a potion of resistance {unknown}


   Skills:
 + Level 7.9 Fighting
 + Level 4.3 Short Blades
 + Level 4.3 Long Blades
 + Level 4.3 Axes
 + Level 6.3 Maces & Flails
 + Level 4.3 Polearms
 + Level 4.3 Staves
 + Level 4.3 Ranged Weapons
 + Level 4.3 Throwing
 + Level 7.9 Armour
 + Level 4.3 Dodging
 + Level 4.3 Stealth
 + Level 7.9 Shields
 + Level 4.3 Unarmed Combat
 + Level 4.3 Spellcasting
 + Level 3.5 Conjurations
 + Level 3.5 Hexes
 + Level 3.5 Summonings
 + Level 3.5 Necromancy
 + Level 3.5 Translocations
 + Level 3.5 Transmutations
 + Level 3.5 Fire Magic
 + Level 3.5 Ice Magic
 + Level 3.5 Air Magic
 + Level 3.5 Earth Magic
 + Level 3.5 Poison Magic
 + Level 4.7 Invocations
 + Level 4.3 Evocations


You had 16 spell levels left.
You didn't know any spells.
Your spell library contained the following spells:

 Spells                   Type           Power      Damage    Failure   Level
 Freeze                   Ice            24%        1d4       22%         1
 Cigotuvi's Dreadful Rot  Necr/Pois/Air  12%        N/A       32%         2
 Poisonous Vapours        Pois/Air       12%        N/A       32%         2
 Frozen Ramparts          Ice            12%        1d2       54%         3
 Hailstorm                Conj/Ice       6%         3d4       54%         3
 Mephitic Cloud           Conj/Pois/Air  6%         N/A       54%         3


Dungeon Overview and Level Annotations

Branches:
Dungeon (7/15)
 Temple: D:4-7

Altars:
Ashenzari
Fedhas
Gozag
Hepliaklqana
Qazlal
Sif Muna
Xom
Yredelemnul
Zin

Shops:
D:5 *


Innate Abilities, Weirdness & Mutations

You have very sharp teeth.
Your uncanny sense of smell can sniff out nearby items.
Your experience applies equally to all skills.


Message History

You are too injured to fight recklessly!
You are too injured to fight recklessly!
You are too injured to fight recklessly!
You are too injured to fight recklessly!
You are too injured to fight recklessly!
You are too injured to fight recklessly!
You are too injured to fight recklessly!
You are too injured to fight recklessly!
You are too injured to fight recklessly!
You are too injured to fight recklessly!
You are too injured to fight recklessly!
The wight attacks as you move away! The wight misses you.
You hit the wight but do no damage.
The wight is lightly damaged.
The wight closely misses you.
Things that are here:
a +0 battleaxe; a +0 robe You hit the wight.
The wight is heavily damaged.
You barely miss the wight. The wight hits you with a +3 scimitar.
You feel drained.
The wight hits you with a +7 long sword of freezing!
You feel drained. The wight closely misses you.
The wight hits you with a +3 long sword.
You closely miss the wight. Your bite misses the wight.
The wight barely misses you. The wight hits you with a +3 scimitar.
You feel drained. The wight closely misses you.
You hit the wight. Your bite misses the wight.
The wight is moderately damaged.
The wight hits you with a +7 long sword of freezing!
* * * LOW HITPOINT WARNING * * *
You feel drained.
* * * LOW HITPOINT WARNING * * *
The wight freezes you.
* * * LOW HITPOINT WARNING * * *
The wight hits you with a +3 scimitar.
* * * LOW HITPOINT WARNING * * *
The wight hits you with a +3 long sword!
You die...
Your body crumbles into a pile of gold.

#########
#.......# #.#
#z#
#.#####@####.#
#.##..z)z....#
#.##.##.######
#.##.##.#
#....<..#
#.##.##.#
#.##.##.# .#
#.##.##.# ...#
#.##.##.# ...


You could see 3 wights.

Vanquished Creatures
  Sigmund (D:2)
  A wyvern (D:3)
  2 water moccasins
  A black bear (D:5)
  An ogre (D:5)
  2 centaurs (D:6)
  A kobold brigand (D:6)
  A bullfrog (D:6)
  A scorpion (D:4)
  Blork the orc (D:4)
  4 necrophages
  2 wights (D:7)
  A howler monkey (D:6)
  3 jellies
  An orc priest (D:5)
  4 hounds
  9 iguanas
  2 orc wizards
  3 gnolls (D:6)
  8 adders
  2 shadow imps
  2 white imps (D:6)
  2 worms
  A dart slug (D:1)
  6 orcs
  2 endoplasms
  5 giant cockroaches
  5 goblins
  3 hobgoblins
  4 jackals (D:3)
  8 quokkas
  5 ball pythons
  6 bats
  3 frilled lizards
  10 kobolds
  3 rats
116 creatures vanquished.

Vanquished Creatures (others)
  49 plants (D:3)
49 creatures vanquished.

Grand Total: 165 creatures vanquished

Notes
Turn   | Place    | Note
-------+----------+-------------------------------------------
     0 | D:1      | retardedninja the Gnoll Fighter began the quest for the
                  | Orb.
     0 | D:1      | Reached XP level 1. HP: 23/23 MP: 1/1
   190 | D:1      | Reached XP level 2. HP: 29/29 MP: 2/2
   565 | D:2      | Noticed Sigmund
   576 | D:2      | Killed Sigmund
   577 | D:2      | Reached skill level 1 in Short Blades
   577 | D:2      | Reached skill level 1 in Long Blades
   577 | D:2      | Reached skill level 1 in Axes
   577 | D:2      | Reached skill level 1 in Polearms
   577 | D:2      | Reached skill level 1 in Staves
   577 | D:2      | Reached skill level 1 in Ranged Weapons
   577 | D:2      | Reached skill level 1 in Throwing
   577 | D:2      | Reached skill level 1 in Dodging
   577 | D:2      | Reached skill level 1 in Stealth
   577 | D:2      | Reached skill level 1 in Unarmed Combat
   577 | D:2      | Reached skill level 1 in Spellcasting
   577 | D:2      | Reached skill level 1 in Conjurations
   577 | D:2      | Reached skill level 1 in Hexes
   577 | D:2      | Reached skill level 1 in Summonings
   577 | D:2      | Reached skill level 1 in Necromancy
   577 | D:2      | Reached skill level 1 in Translocations
   577 | D:2      | Reached skill level 1 in Transmutations
   577 | D:2      | Reached skill level 1 in Fire Magic
   577 | D:2      | Reached skill level 1 in Ice Magic
   577 | D:2      | Reached skill level 1 in Air Magic
   577 | D:2      | Reached skill level 1 in Earth Magic
   577 | D:2      | Reached skill level 1 in Poison Magic
   577 | D:2      | Reached skill level 1 in Invocations
   577 | D:2      | Reached skill level 1 in Evocations
   577 | D:2      | Reached XP level 3. HP: 17/35 MP: 2/5
   577 | D:2      | Reached XP level 4. HP: 20/41 MP: 2/6
   577 | D:2      | Reached XP level 5. HP: 23/47 MP: 2/7
   846 | D:2      | Found an opulent altar of Gozag.
   928 | D:2      | Became a worshipper of Gozag Ym Sagoz the Greedy
  1345 | D:3      | Found an opulent altar of Gozag.
  1528 | D:3      | Found a broken altar of Ashenzari.
  1676 | D:3      | Reached XP level 6. HP: 50/53 MP: 8/8
  1738 | D:3      | Reached skill level 5 in Maces & Flails
  2505 | D:4      | Noticed a wyvern
  2524 | D:3      | Killed a wyvern
  2525 | D:3      | Reached XP level 7. HP: 17/60 MP: 10/10
  2933 | D:4      | Noticed Blork the orc
  2944 | D:4      | Killed Blork the orc
  3268 | D:4      | Found a glowing silver altar of Zin.
  3268 | D:4      | Noticed an angel
  3296 | D:5      | Entered Level 5 of the Dungeon
  3634 | D:5      | Reached XP level 8. HP: 44/67 MP: 12/12
  4708 | D:5      | Found Cian's General Store.
  4843 | D:5      | Found a shimmering blue altar of Sif Muna.
  4846 | D:5      | Found a stormy altar of Qazlal.
  4850 | D:5      | Found a blossoming altar of Fedhas.
  4871 | D:5      | Found a hazy altar of Hepliaklqana.
  5376 | D:6      | Found a shimmering altar of Xom.
  5428 | D:6      | Identified the +4 flail "Oviunu" {vamp, Fly rN+}
  5458 | D:6      | Reached XP level 9. HP: 70/73 MP: 14/14
  6309 | D:7      | Found a basalt altar of Yredelemnul.
  6404 | D:7      | Mangled by a wight

Illustrated notes

Levels and vault maps discovered:
D:1:      mrwooster_arrival_statue_2, layout_rooms, chequers_avenue
D:2:      layout_rooms, serial_rivers, chequers_serial_rivers_marsh,
          chequers_serial_rivers_small_3, chequers_serial_rivers_micro_b,
          chequers_serial_rivers_micro_b, chequers_serial_rivers_small_b,
          chequers_serial_rivers_micro_d, basic_altar, uniq_sigmund
D:3:      layout_loops_ring, nicolae_gozag_cash_rules_everything_around_me,
          evilmike_ruin_ashenzari, serial_bayou, serial_bayou_lagoon_a,
          serial_bayou_pond_c, serial_bayou_pond_c, serial_bayou_pond_e,
          serial_bayou_lake_a, serial_bayou_pond_d, chequers_garden
D:4:      layout_basic, zin_angel, grunt_ministairs_2, minmay_misc_feat_square,
          uniq_blork_the_orc
D:5:      layout_basic, minitemple, serial_shops, nicolae_shop_statue_plus
D:6:      layout_loops_ring, mainiacjoe_overflow_small_starburst
D:7:      layout_loops_cross, mainiacjoe_overflow_brackets,
          minmay_temple_entry_glass, kennysheep_generic_room_12

Skill      XL: |  1  2  3  4  5  6  7  8  9 |
---------------+----------------------------+-----
Short Blades   | 1 2 3 4 |  4.3
Long Blades    | 1 2 3 4 |  4.3
Axes           | 1 2 3 4 |  4.3
Polearms       | 1 2 3 4 |  4.3
Staves         | 1 2 3 4 |  4.3
Ranged Weapons | 1 2 3 4 |  4.3
Throwing       | 1 2 3 4 |  4.3
Dodging        | 1 2 3 4 |  4.3
Stealth        | 1 2 3 4 |  4.3
Unarmed Combat | 1 2 3 4 |  4.3
Spellcasting   | 1 2 3 4 |  4.3
Conjurations   | 1 2 3 |  3.5
Hexes          | 1 2 3 |  3.5
Summonings     | 1 2 3 |  3.5
Necromancy     | 1 2 3 |  3.5
Translocations | 1 2 3 |  3.5
Transmutations | 1 2 3 |  3.5
Fire Magic     | 1 2 3 |  3.5
Ice Magic      | 1 2 3 |  3.5
Air Magic      | 1 2 3 |  3.5
Earth Magic    | 1 2 3 |  3.5
Poison Magic   | 1 2 3 |  3.5
Invocations    | 1 2 3 4 |  4.7
Evocations     | 1 2 3 4 |  4.3
Maces & Flails | 5 6 |  6.3
Fighting       | 7 |  7.9
Armour         | 7 |  7.9
Shields        | 7 |  7.9

Action                     |  1- 3 |  4- 6 |  7- 9 || total
---------------------------+-------+-------+-------++-------
  Melee: Flail             |    57 |   140 |   379 ||   576
         Bite              |     2 |    14 |    41 ||    57
    Use: Potion            |     1 |       |     5 ||     6
         Scroll            |       |     6 |       ||     6
 Armour: Scale mail        |    30 |    43 |   146 ||   219
         Chain mail        |       |    32 |    20 ||    52
         Skin              |       |       |    11 ||    11
  Dodge: Dodged            |    42 |    61 |   194 ||   297
  Block: Buckler           |    22 |    37 |    99 ||   158

Table legend: (Time is in decaauts)
 A = Elapsed time spent in this place.
 B = Non-inter-level travel time spent in this place.
 C = Inter-level travel time spent in this place.
 D = Time resting spent in this place.
 E = Time spent auto-exploring this place.
 F = Levels seen in this place.
 G = Mean time per level.
                   A        B        C        D        E       F      G
               +--------+--------+--------+--------+--------+-----+--------+
         Total |   6574 |   6378 |    196 |   1551 |   3558 |   7 |  939.1 |
       Dungeon |   6574 |   6378 |    196 |   1551 |   3558 |   7 |  939.1 |
               +--------+--------+--------+--------+--------+-----+--------+

Top non-repeatable levels by time:
     D:5: 1847 daAuts
     D:3: 1560 daAuts
     D:6: 1094 daAuts
     D:2: 799 daAuts
     D:1: 534 daAuts
     D:4: 529 daAuts
     D:7: 208 daAuts
